 Dungeon Crawl Stone Soup version 0.20.1-1-g8b1a95d (webtiles) character file.

156 equalderp2856 the Covered (level 5, 0/41 HPs)
             Began as a Human Fighter on Sept 6, 2017.
             Slain by an adder (2 damage)
             ... on level 4 of the Dungeon.
             The game lasted 00:03:13 (2453 turns).

equalderp2856 the Covered (Human Fighter)           Turns: 2453, Time: 00:03:14

Health: 0/41       AC:  7    Str: 17    XL:     5   Next: 65%
Magic:  4/4        EV:  7    Int:  9    God:
Gold:   100        SH:  9    Dex: 14    Spells: 4/4 levels left

rFire    . . .     SeeInvis .     - Unarmed
rCold    . . .     Gourm    .   b - +0 shield
rNeg     . . .     Faith    .   a - +0 scale mail
rPois    .         Spirit   .   (helmet restricted)
rElec    .         Reflect  .   (no cloak)
rCorr    .         Harm     .   (no gloves)
MR       .....     Clarity  +   (no boots)
Stlth    +.........             (no amulet)
Regen    0.2/turn               (no ring)
MPRegen  0.1/turn               (no ring)

@: no status effects
A: horns 1, thin skeletal structure 1, clarity, low mp 1
a: no special abilities


You were on level 4 of the Dungeon.
You were not hungry.

You visited 1 branch of the dungeon, and saw 4 of its levels.

You collected 100 gold pieces.

Inventory:

Armour
 a - a +0 scale mail (worn)
 b - a +0 shield (worn)
Jewellery
 i - a +4 ring of dexterity {unknown}
Wands
 e - a wand of iceblast (7/15)
Scrolls
 h - 5 scrolls of identify {unknown}
 j - a scroll of random uselessness {unknown}
 k - a scroll of remove curse {unknown}
 l - 2 scrolls of magic mapping {unknown}
 m - 2 scrolls of teleportation {unknown}
 n - a scroll of fear {unknown}
 o - a scroll of amnesia {unknown}
Potions
 c - a potion of might
 p - a potion of heal wounds {unknown}
Comestibles
 d - 2 bread rations
 f - 2 meat rations
 g - 3 chunks of flesh
 q - 2 fruits


   Skills:
 + Level 3.3 Fighting
 + Level 3.9 Armour
 + Level 1.1 Dodging
 + Level 3.8 Shields
 + Level 3.4 Unarmed Combat


You had 4 spell levels left.
You didn't know any spells.

Dungeon Overview and Level Annotations

Branches:
Dungeon (4/15)
 Temple: D:4-7

Altars:
Cheibriados
Nemelex Xobeh
Uskayaw


Innate Abilities, Weirdness & Mutations

You have a pair of small horns on your head.
You have a somewhat thin skeletal structure. (Dex +2, Stealth)
You possess an exceptional clarity of mind.
Your magical capacity is low. (-10% MP)


Message History

The hound is severely wounded.
The hound bites you.
* * * LOW HITPOINT WARNING * * *
You block the adder's attack. The hound bites you.
* * * LOW HITPOINT WARNING * * *
You block the adder's attack.
You hit the hound.
You kill the hound!
Your Dodging skill increases to level 1!
You block the adder's attack.
You hit the dart slug. You headbutt the dart slug.
The dart slug is severely wounded.
The adder bites you but does no damage. The dart slug launches a dart at you.
The slug dart hits you!
* * * LOW HITPOINT WARNING * * *
You hit the dart slug.
You kill the dart slug!
The adder bites you.
You die...

################
.....(†@..†....#########
...^..S.................
.>..[.########'#########
...... #.$...)....#
..... #..........# #####
#..(.......#
#..........# #
#..........# .
####+########.


You could see an adder.

Vanquished Creatures
  2 hounds (D:4)
  An adder (D:3)
  An adder skeleton (D:4)
  A worm (D:4)
  3 dart slugs
  5 leopard geckos
  3 orcs (D:4)
  3 giant cockroaches
  13 goblins
  2 hobgoblins
  6 jackals
  6 kobolds
  2 quokkas
  9 bats
  2 frilled lizards (D:1)
  5 rats
64 creatures vanquished.

Notes
Turn   | Place    | Note
-------+----------+-------------------------------------------
     0 | D:1      | equalderp2856 the Human Fighter began the quest for the Orb.
     0 | D:1      | Reached XP level 1. HP: 18/18 MP: 1/1
    53 | D:1      | Reached XP level 2. HP: 20/24 MP: 2/2
   264 | D:1      | Reached XP level 3. HP: 12/29 MP: 3/3
  1243 | D:2      | Found a sparkling altar of Nemelex Xobeh.
  1487 | D:2      | Reached XP level 4. HP: 29/35 MP: 4/4
  1955 | D:3      | Found a snail-covered altar of Cheibriados.
  1960 | D:3      | Found a hide-covered altar of Uskayaw.
  2286 | D:4      | Gained mutation: You have a pair of small horns on your head. [potion of mutation]
  2286 | D:4      | Gained mutation: Your magical capacity is low. (-10% MP) [potion of mutation]
  2286 | D:4      | Gained mutation: You possess an exceptional clarity of mind. [potion of mutation]
  2286 | D:4      | Gained mutation: You have a somewhat thin skeletal structure. (Dex +2, Stealth) [potion of mutation]
  2327 | D:4      | Reached XP level 5. HP: 8/41 MP: 4/4
  2451 | D:4      | Reached skill level 1 in Dodging
  2452 | D:4      | HP: 2/41 [dart slug/slug dart (4)]
  2453 | D:4      | Slain by an adder

Skill      XL: |  1  2  3  4  5 |
---------------+----------------+-----
Unarmed Combat | 3 |  3.4
Dodging        | 1 |  1.1
Fighting       | |  3.3
Armour         | |  3.9
Shields        | |  3.8

Action                   |  1- 3 |  4- 6 || total
-------------------------+-------+-------++-------
Melee: Unarmed           |   150 |   126 ||   276
       Headbutt          |       |     7 ||     7
  Use: Potion            |       |     3 ||     3
  Eat: Chunk             |     1 |     4 ||     5
Armor: Scale mail        |    59 |    72 ||   131
       Skin              |       |    18 ||    18
Dodge: Dodged            |    44 |    42 ||    86
Block: Shield            |    63 |    77 ||   140
